 Dungeon Crawl Stone Soup version 0.29-a0-998-g1987434951 (webtiles) character file.

Game seed: 10446181125759303364

1559 Sabo the Geomancer (level 9, -5/59 HPs)
             Began as a Formicid Earth Elementalist on Aug 5, 2022.
             Was an Elder of Ignis.
             Killed by divine providence
             ... invoked by an orc priest
              (15 damage)
             ... on level 6 of the Dungeon.
             The game lasted 00:42:58 (9402 turns).

Sabo the Geomancer (Formicid Earth Elementalist)    Turns: 9402, Time: 00:42:59

Health: -5/59      AC: 20    Str: 14    XL:     9   Next: 12%
Magic:  13/20      EV: 13    Int: 18    God:    Ignis [****..]
Gold:   338        SH:  5    Dex: 14    Spells: 19/23 levels left

rFire   + . .      SeeInvis +   A - +2 long sword (protect)
rCold   . . .      Faith    .   (no shield)
rNeg    . . .      Spirit   .   a - +1 robe
rPois   .          Reflect  +   (helmet unavailable)
rElec   .          Harm     .   (no cloak)
rCorr   .          Rampage  .   k - +2 pair of gloves
Will    .....                   n - +2 pair of boots
Stlth   +++.......              y - amulet of reflection
HPRegen 0.19/turn               m - +4 ring of protection
MPRegen 0.17/turn               (no ring)

@: fiery-armoured
A: permanent stasis, dig shafts and tunnels, antennae 3, four strong arms
a: Dig, Shaft Self, Renounce Religion, Fiery Armour, Foxfire Swarm, Rising Flame


You were on level 6 of the Dungeon.
You worshipped Ignis.
Ignis was greatly pleased with you.
You visited 1 branch of the dungeon, and saw 6 of its levels.

You collected 338 gold pieces.

Inventory:

Hand Weapons
 f - a +4 vampiric dagger
 r - a +0 sling
 s - a +0 hand axe of venom
 u - a +0 shortbow
 A - a +2 long sword of protection (weapon)
Missiles
 d - 4 javelins (quivered)
 p - 2 throwing nets
Armour
 a - a +1 robe (worn)
 k - a +2 pair of gloves (worn)
 n - a +2 pair of boots (worn)
Jewellery
 m - a +4 ring of protection (left hand)
 y - an amulet of reflection (around neck)
 B - an amulet of the acrobat
Wands
 i - a wand of roots (16)
Scrolls
 h - a scroll of acquirement {unknown}
 o - a scroll of summoning
 q - a scroll of brand weapon {unknown}
 v - 2 scrolls of amnesia
 w - 2 scrolls of vulnerability {unknown}
 x - 2 scrolls of immolation
Potions
 b - 2 potions of magic
 c - a potion of curing
 e - a potion of attraction {unknown}
 g - a potion of haste {unknown}
 j - a potion of invisibility {unknown}
 l - a potion of heal wounds {unknown}
 t - 2 potions of berserk rage {unknown}
 z - a potion of lignification {unknown}


   Skills:
 + Level 1.1 Fighting
 + Level 0.1(0.3) Short Blades
 + Level 0.4(0.5) Long Blades
 + Level 2.9 Dodging
 + Level 4.0 Stealth
 + Level 1.0 Shields
 + Level 7.8 Spellcasting
 + Level 1.1 Transmutations
 + Level 8.7 Earth Magic


You had 19 spell levels left.
You knew the following spells:

 Your Spells              Type           Power      Damage    Failure   Level
a - Sandblast             Erth           76%        2d16      1%          1
b - Stone Arrow           Conj/Erth      44%        3d9       4%          3

Your spell library contained the following spells:

 Spells                   Type           Power      Damage    Failure   Level
 Passwall                 Tmut/Erth      20%        N/A       1%          2
 Beastly Appendage        Tmut           22%        N/A       6%          1
 Apportation              Tloc           14%        N/A       10%         1
 Wereblood                Tmut           11%        N/A       10%         2
 Petrify                  Tmut/Erth      24%        N/A       13%         4
 Ensorcelled Hibernation  Hex/Ice        14%        N/A       16%         2
 Spider Form              Tmut/Pois      9%         N/A       24%         3
 Anguish                  Hex/Necr       3%         N/A       69%         4
 Alistair's Intoxication  Tmut/Pois      6%         N/A       91%         5


Dungeon Overview and Level Annotations

Branches:
Dungeon (6/15)
 Temple: D:4-7

Altars:
Cheibriados
Ignis

Annotations:
D:6 Pikel


Innate Abilities, Weirdness & Mutations

You cannot be hasted, slowed, berserked, paralysed or teleported.
You can dig through walls and to a lower floor.
You have a pair of large antennae on your head. (SInv)
Your four strong arms can wield two-handed weapons with a shield.


Message History

You block the scorpion's attack. The orc warrior completely misses you.
A protective cloak of flame settles atop you.
The scorpion misses you. The orc warrior misses you.
Casting: Sandblast (safe; 1% risk of failure)
Confirm with . or Enter, or press ? or * to list all spells.
Aiming: Sandblast (safe; 1% risk of failure)
Press: ? - help, Shift-Dir - straight line, f/p - orc warrior
Aim: an orc warrior, wielding a +0 halberd, wearing a +0 plate armour and quivering stones (severely wounded, 84% to hit)
The blast of sand hits the scorpion.
The scorpion is lightly wounded.
The scorpion stings you but does no damage.
The scorpion is burned by your cloak of flames.
The scorpion is moderately wounded.
The orc warrior hits you from afar with a +0 halberd.
* * * LOW HITPOINT WARNING * * *
The scorpion barely misses you.
The orc warrior hits you from afar with a +0 halberd.
* * * LOW HITPOINT WARNING * * *
The scorpion closely misses you.
Unknown command.
Casting: Sandblast (safe; 1% risk of failure)
Confirm with . or Enter, or press ? or * to list all spells.
Aiming: Sandblast (safe; 1% risk of failure)
Press: ? - help, Shift-Dir - straight line, f/p - orc warrior
Aim: an orc warrior, wielding a +0 halberd, wearing a +0 plate armour and quivering stones (severely wounded, 84% to hit)
The blast of sand hits the scorpion!!
You kill the scorpion!
You block the orc warrior's attack.
The orc warrior throws a stone.
The stone hits you but does no damage.
Casting: Sandblast (safe; 1% risk of failure)
Confirm with . or Enter, or press ? or * to list all spells.
Aiming: Sandblast (safe; 1% risk of failure)
Press: ? - help, Shift-Dir - straight line, f/p - orc warrior
Aim: an orc warrior, wielding a +0 halberd, wearing a +0 plate armour and quivering stones (severely wounded, 84% to hit)
The blast of sand hits the orc warrior.
The orc warrior is severely wounded.
The orc priest shouts!
The orc priest invokes the aid of Beogh against you.
Beogh smites you!
You die...

..###..# #.# ...##..#
. #.###......# #.
#.##.....#.# ...
#.##...#.#.#
#...#######........#.#
..... ...........#.#
#..###.#.......#.#
#..)@..........#)#
#.o##............# #o.
#..#####..##.# ....
#..#####..##.# ###.#
#.........##.# #.
#.#####...##.# ### #.
#.# #..#.##.# #.. ..
#.# #....##.# #.# #.#
#.#.###.#


You could see an orc warrior and an orc priest.

Vanquished Creatures
  Grinder (D:4)
  A sky beast (D:6)
  A black bear (D:6)
  2 ice beasts (D:5)
  A centaur (D:5)
  A phantom (D:4)
  A lemure (D:5)
  Blork the orc (D:5)
  A scorpion (D:6)
  3 necrophages (D:5)
  2 howler monkeys
  2 hounds (D:5)
  A jelly (D:5)
  An orc priest (D:5)
  A gnoll bouda (D:5)
  3 iguanas (D:5)
  9 gnolls
  6 adders
  3 worms
  3 dart slugs
  9 orcs
  8 ball pythons
  11 endoplasms
  14 giant cockroaches
  5 goblins
  3 hobgoblins
  2 quokkas
  4 bats
  2 frilled lizards
  9 kobolds
  6 rats
117 creatures vanquished.

Vanquished Creatures (others)
  13 foxfires (D:5)
13 creatures vanquished.

Grand Total: 130 creatures vanquished

Notes
Turn   | Place    | Note
-------+----------+-------------------------------------------
     0 | D:1      | Sabo the Formicid Earth Elementalist began the quest for
                  | the Orb.
     0 | D:1      | Reached XP level 1. HP: 13/13 MP: 3/3
   341 | D:1      | Reached XP level 2. HP: 19/19 MP: 3/5
   649 | D:1      | Reached skill level 4 in Earth Magic
  1520 | D:1      | Found a faded altar of an unknown god.
  1522 | D:1      | Reached XP level 3. HP: 24/24 MP: 5/7
  1669 | D:1      | Prayed at the altar of an unknown god.
  1669 | D:1      | Became a worshipper of Ignis, the Dying Flame
  2792 | D:2      | Reached XP level 4. HP: 30/30 MP: 3/8
  3461 | D:3      | Found a snail-covered altar of Cheibriados.
  5018 | D:4      | Noticed Grinder
  5035 | D:4      | Killed Grinder
  5036 | D:4      | Reached skill level 5 in Earth Magic
  5036 | D:4      | Reached XP level 5. HP: 17/36 MP: 4/12
  5036 | D:4      | Reached XP level 6. HP: 19/42 MP: 4/13
  5696 | D:4      | Reached skill level 5 in Spellcasting
  5696 | D:4      | Reached skill level 6 in Earth Magic
  5696 | D:4      | Reached XP level 7. HP: 42/47 MP: 10/14
  6313 | D:4      | Learned a level 3 spell: Stone Arrow
  6792 | D:5      | Entered Level 5 of the Dungeon
  7164 | D:5      | Reached skill level 7 in Earth Magic
  7306 | D:5      | Reached XP level 8. HP: 41/53 MP: 14/17
  7850 | D:5      | Reached skill level 1 in Fighting
  8401 | D:5      | Noticed Blork the orc
  8420 | D:5      | Killed Blork the orc
  8435 | D:5      | Reached skill level 8 in Earth Magic
  8875 | D:6      | Noticed Pikel
  9147 | D:6      | Reached skill level 1 in Shields
  9147 | D:6      | Reached XP level 9. HP: 59/59 MP: 17/20
  9402 | D:6      | Killed from afar by an orc priest

Illustrated notes

Levels and vault maps discovered:
D:1:      minmay_arrival_stone_box, layout_basic,
          chequers_ecumenical_altar_simple_redux
D:2:      minmay_roachtagon, layout_basic
D:3:      layout_loops_cross, mainiacjoe_overflow_catwalk
D:4:      layout_loops_cross, uniq_grinder
D:5:      kennysheep_six_static_rooms, layout_rooms, uniq_blork_the_orc
D:6:      layout_loops_ring, mainiacjoe_overflow_surrounded_room,
          minmay_misc_feat_iff, chequers_serial_rivers_room_a, uniq_pikel

Skill      XL: |  1  2  3  4  5  6  7  8 |
---------------+-------------------------+-----
Earth Magic    | 4 5 6 7 8 |  8.7
Dodging        | 2 |  2.9
Spellcasting   | 3 4 5 6 7 |  7.8
Stealth        | 3 4 |  4.0
Fighting       | 1 |  1.1
Shields        | 1 |  1.0
Short Blades   | |  0.1
Long Blades    | |  0.4
Transmutations | |  1.1

Action                   |  1- 3 |  4- 6 |  7- 9 || total
-------------------------+-------+-------+-------++-------
Melee: Club              |     2 |       |       ||     2
       Dagger            |    15 |    21 |     5 ||    41
       Punch             |       |     1 |       ||     1
       Long sword        |       |       |    12 ||    12
 Cast: Sandblast         |    49 |    57 |    94 ||   200
Invok: Fiery Armour      |       |       |     2 ||     2
       Foxfire Swarm     |       |       |     1 ||     1
  Use: Scroll            |       |     7 |     5 ||    12
       Potion            |       |     1 |       ||     1
 Stab: Sleeping          |     1 |       |       ||     1
Armor: Robe              |    12 |    17 |    35 ||    64
Dodge: Dodged            |    30 |    24 |    63 ||   117
Block: Other             |       |       |    10 ||    10
       Reflection        |       |       |     1 ||     1

Table legend: (Time is in decaauts)
 A = Elapsed time spent in this place.
 B = Non-inter-level travel time spent in this place.
 C = Inter-level travel time spent in this place.
 D = Time resting spent in this place.
 E = Time spent auto-exploring this place.
 F = Levels seen in this place.
 G = Mean time per level.
                   A        B        C        D        E       F      G
               +--------+--------+--------+--------+--------+-----+--------+
         Total |   9603 |   9603 |      0 |   5517 |      0 |   6 | 1600.5 |
       Dungeon |   9603 |   9603 |      0 |   5517 |      0 |   6 | 1600.5 |
               +--------+--------+--------+--------+--------+-----+--------+

Top non-repeatable levels by time:
     D:5: 2297 daAuts
     D:4: 1969 daAuts
     D:1: 1818 daAuts
     D:2: 1639 daAuts
     D:3: 1482 daAuts
     D:6: 395 daAuts
